AoeStats
← huko2019

Arabia

505713582Analyzed
2v2 RM · 20d ago on Sep 10, 2026· 27m 31s· 4 players
Game mode
Random Map
Map size
Medium (4 player)
Population
200
Speed
Normal
Resources
Standard
Victory
Conquest
Starting age
Dark Age
Ending age
Imperial Age
RankedLock teamsTeams togetherTeam positionsShared explorationLock speedFull tech treeHidden civsTurbo modeCheats
Victory
Defeat
🇩🇪 Franks · Germany
985
+15
🇦🇹 Ethiopians · Austria
982
+16
🇪🇸 Spanish · Spain
977
-16
🇫🇷 Hindustanis · France
967
-15
purry999
10:24 Feudal Age
18:25 Castle Age
18:30 Double-Bit Axe
25:46 Horse Collar
Onestepbeyond
7:54 Loom
9:50 Feudal Age
12:44 Loom
19:44 Town Watch
23:41 Castle Age
25:40 Double-Bit Axe
Frere__Jaques
6:41 Loom
9:04 Feudal Age
10:21 Double-Bit Axe
21:52 Castle Age
23:23 Scale Barding Armor
23:28 Forging
24:26 Chain Barding Armor
huko2019
9:04 Loom
11:13 Feudal Age
12:48 Double-Bit Axe
13:38 Fletching
14:42 Wheelbarrow
20:48 Padded Archer Armor
24:57 Castle Age
24:49 Gold Mining
25:12 Horse Collar
25:04 Crossbowman
25:44 Bodkin Arrow
26:05 Leather Archer Armor
27:25 Bow Saw
27:49 Ballistics
Connection lost

Rejoining the realm…

Still unreachable

The connection could not be restored.

Session expired

The server has moved on; the page needs a fresh start.